 Dungeon Crawl Stone Soup version 0.28.0 (webtiles) character file.

Game seed: 10587550210628547353

99 HallandMoats the Skirmisher (level 4, -2/40 HPs)
             Began as a Ghoul Monk on Feb 7, 2022.
             Slain by a gnoll (5 damage)
             ... on level 2 of the Dungeon.
             The game lasted 00:02:18 (1779 turns).

HallandMoats the Skirmisher (Ghoul Monk)            Turns: 1779, Time: 00:02:18

Health: -2/40      AC:  5    Str: 16    XL:     4   Next: 72%
Magic:  4/4        EV: 11    Int:  5    God:
Gold:   69         SH:  0    Dex: 11    Spells: 3/3 levels left

rFire   + . .      SeeInvis +     - Unarmed
rCold   + + .      Faith    .   (no shield)
rNeg    + + +      Spirit   .   i - +0 ring mail
rPois   ∞          Reflect  .   (no helmet)
rElec   .          Harm     .   e - scarf {rC+ rF+}
rCorr   .          Rampage  .   (no gloves)
Will    .....                   (no boots)
Stlth   +.........              (no amulet)
HPRegen 0.00/turn               b - ring of see invisible
MPRegen 0.09/turn               (no ring)

@: inhibited regen
A: claws 1, cold resistance 1, negative energy resistance 3, inhibited
regeneration, torment resistance 2
a: no special abilities


You were on level 2 of the Dungeon.
You visited 1 branch of the dungeon, and saw 2 of its levels.

You collected 69 gold pieces.

Inventory:

Armour
 e - a scarf of resistance (worn)
 i - a +0 ring mail (worn)
Jewellery
 b - a ring of see invisible (left claw)
Scrolls
 c - 2 scrolls of fear {unknown}
 d - a scroll of torment {unknown}
 f - a scroll of summoning {unknown}
Potions
 g - 2 potions of haste {unknown}
 h - a potion of flight {unknown}


   Skills:
 + Level 3.9 Fighting
 + Level 1.4 Armour
 + Level 3.2 Dodging
 - Level 2.1 Stealth
 + Level 3.9 Unarmed Combat
 + Level 1.8 Invocations


You had 3 spell levels left.
You didn't know any spells.
Your spell library contained the following spells:

 Spells                   Type           Power      Damage    Failure   Level
 Animate Skeleton         Necr           0%         N/A       69%         1
 Apportation              Tloc           0%         N/A       69%         1
 Magic Dart               Conj           0%         1d3       69%         1
 Summon Small Mammal      Summ           0%         N/A       69%         1
 Call Imp                 Summ           0%         N/A       83%         2
 Mephitic Cloud           Conj/Pois/Air  0%         N/A       96%         3
 Petrify                  Tmut/Erth      0%         N/A       100%        4
 Irradiate                Conj/Tmut      0%         3d13      100%        5
 Sublimation of Blood     Necr           Unusable   N/A       N/A         2

Dungeon Overview and Level Annotations

Branches:
Dungeon (2/15)

Altars:
Qazlal


Innate Abilities, Weirdness & Mutations

You thrive by killing the living.
You are immune to poison.
You have sharp fingernails.
Your flesh is cold resistant. (rC+)
You are immune to negative energy. (rN+++)
You do not regenerate when monsters are visible.
You are immune to unholy pain and torment.


Message History

You barely miss the gnoll.
The gnoll is severely wounded.
The gnoll barely misses you. The gnoll closely misses you.
You completely miss the gnoll.
The gnoll is severely wounded.
The gnoll misses you.
The gnoll hits you from afar with a +0 spear.
You claw the gnoll!
You kill the gnoll!
You feel better. The gnoll barely misses you. The gnoll barely misses you.
Things that are here:
a +0 whip; a stone; a +0 dagger You closely miss the gnoll.
The gnoll hits you with a +0 spear.
You scratch the gnoll.
The gnoll is moderately wounded.
The gnoll hits you with a +0 spear.
You scratch the gnoll but do no damage.
The gnoll is moderately wounded.
The gnoll hits you but does no damage.
You scratch the gnoll but do no damage.
The gnoll is moderately wounded.
The gnoll hits you with a +0 spear.
You scratch the gnoll.
The gnoll is moderately wounded.
The gnoll barely misses you.
You closely miss the gnoll.
The gnoll is moderately wounded.
The gnoll hits you with a +0 spear.
* * * LOW HITPOINT WARNING * * *
You scratch the gnoll. You claw the gnoll, but do no damage.
The gnoll is heavily wounded.
You barely miss the gnoll.
The gnoll is heavily wounded.
The gnoll hits you with a +0 spear!
* * * LOW HITPOINT WARNING * * *
You scratch the gnoll.
The gnoll is severely wounded.
The gnoll hits you with a +0 spear.
You die...

.....(..............>###
...)#####..####..##....# #####
##.####..###.#.# #
#..#..........# #
###.......#....# #
#.....#...#...## #
######.##.##...#....# #
#......g..##.g.#....#
####..........##@##....#.
...#....S...#.##.##...... #.
...#........#..#.<....... ...
...#........##.#.#####.## #.#
...#........##.#.# #.#
...#........##...##### #####.#
...#........##.......# ...#.#
...#........##...###.# #.#.####
........######.#.###.#####......#


You could see a gnoll.

Vanquished Creatures
  3 gnolls (D:2)
  An adder (D:2)
  4 worms (D:2)
  3 endoplasms
  3 giant cockroaches
  3 goblins (D:1)
  4 hobgoblins
  3 quokkas
  5 ball pythons
  8 bats
  2 frilled lizards (D:1)
  6 kobolds
  8 rats
53 creatures vanquished.

Notes
Turn   | Place    | Note
-------+----------+-------------------------------------------
     0 | D:1      | HallandMoats the Ghoul Monk began the quest for the Orb.
     0 | D:1      | Reached XP level 1. HP: 19/19 MP: 0/0
     2 | D:1      | Noticed a merfolk
     2 | D:1      | Noticed a vampire
     4 | D:1      | Noticed an elf
     6 | D:1      | Noticed a demonspawn
     8 | D:1      | Noticed a gargoyle
     8 | D:1      | Noticed a naga
    10 | D:1      | Noticed a demigod
    12 | D:1      | Noticed a tengu
    14 | D:1      | Noticed an octopode
    14 | D:1      | Noticed a draconian
    16 | D:1      | Noticed an ogre
    16 | D:1      | Noticed a spriggan
    18 | D:1      | Noticed a minotaur
    20 | D:1      | Noticed a dwarf
    20 | D:1      | Noticed a formicid
    22 | D:1      | Noticed a human
    22 | D:1      | Noticed a felid
    24 | D:1      | Noticed a ghoul
    24 | D:1      | Noticed a troll
    26 | D:1      | Noticed a vine stalker
   204 | D:1      | Reached XP level 2. HP: 23/26 MP: 1/1
   356 | D:1      | You fall into a shaft and drop 1 floor!
   514 | D:1      | Reached skill level 1 in Invocations
   569 | D:1      | Reached XP level 3. HP: 31/31 MP: 2/2
  1034 | D:2      | Reached skill level 1 in Armour
  1091 | D:2      | Found a faded altar of an unknown god.
  1284 | D:2      | Reached XP level 4. HP: 40/40 MP: 4/4
  1322 | D:2      | Found a stormy altar of Qazlal.
  1779 | D:2      | Slain by a gnoll

Illustrated notes

Levels and vault maps discovered:
D:1:      kb_arrival_jail, layout_rooms, serial_forest,
          infiniplex_forest_zigzag_1, infiniplex_forest_clump_small,
          infiniplex_forest_lined_room_2, infiniplex_forest_end_2,
          minmay_misc_feat_secret_circle
D:2:      layout_basic, hellmonk_ecumenical_altar_lost_god, basic_altar

Skill      XL: |  1  2  3 |
---------------+----------+-----
Invocations    | 1 |  1.8
Dodging        | 3 |  3.2
Armour         | 1 |  1.4
Fighting       | |  3.9
Stealth        | |  2.1
Unarmed Combat | |  3.9

Action                   |  1- 3 |  4- 6 || total
-------------------------+-------+-------++-------
Melee: Unarmed           |    97 |    48 ||   145
       Punch             |     3 |     1 ||     4
 Stab: Sleeping          |     4 |       ||     4
       Distracted        |     1 |       ||     1
Armor: Robe              |    24 |     1 ||    25
       Ring mail         |       |     4 ||     4
Dodge: Dodged            |    60 |    20 ||    80
